 Dungeon Crawl Stone Soup version 0.31-a0-267-g3fc6992b3b (webtiles) character file.

Game seed: 18121399301237110333

50 qw the Shooter (level 3, -1/21 HPs)
             Began as a Gargoyle Hexslinger on July 14, 2023.
             Slain by a quokka (4 damage)
             ... on level 1 of the Dungeon.
             The game lasted 00:00:34 (897 turns).

qw the Shooter (Gargoyle Hexslinger)                 Turns: 897, Time: 00:00:34

Health: -1/21      AC:  8    Str: 11    XL:     3   Next: 79%
Magic:  4/4        EV: 10    Int: 13    God:
Gold:   36         SH:  0    Dex: 14    Spells: 3/4 levels left

rFire   . . .        Y - +1 sling
rCold   . . .        (no shield)
rNeg    + . .        e - +0 ring mail
rPois   inf          (no helmet)
rElec   +            (no cloak)
rCorr   .            (no gloves)
SInv    .            (no boots)
Will    .....        (no amulet)
Stlth   +            (no ring)
HPRegen 0.23/turn    (no ring)
MPRegen 0.09/turn

%: no passive effects
@: no status effects
A: sickness immunity, AC +3, negative energy resistance 1, electricity
resistance, torment resistance 1, petrification resistance
a: no special abilities


You were on level 1 of the Dungeon.
You visited 1 branch of the dungeon, and saw 2 of its levels.

You collected 36 gold pieces.


Innate Abilities, Weirdness & Mutations

You are immune to sickness and miasma.
Your stone body is resilient. (AC +3)
You are immune to poison.
You resist negative energy. (rN+)
You are resistant to electric shocks. (rElec)
You are resistant to unholy torment.
You are immune to petrification.


   Skills:
 - Level 2.0 Fighting
 + Level 3.6 Ranged Weapons
 - Level 1.5 Dodging
 - Level 1.0 Spellcasting
 - Level 2.6 Hexes


You had 3 spell levels left.
You knew the following spells:

 Your Spells              Type           Power      Damage    Failure   Level
a - Slow                  Hex            28%        N/A       22%         1

Your spell library contained the following spells:

 Spells                   Type           Power      Damage    Failure   Level
 Inner Flame              Hex/Fire       4%         N/A       75%         3
 Portal Projectile        Hex/Tloc       8%         N/A       75%         3
 Cause Fear               Hex            3%         N/A       92%         4

Inventory:

Hand Weapons
 Y - a +1 sling (weapon)
Armour
 e - a +0 ring mail (worn)
Potions
 d - a potion of curing
 f - a potion of brilliance {unknown}
 h - a potion of enlightenment {unknown}
 i - a potion of invisibility {unknown}

Dungeon Overview and Level Annotations

Branches:
Dungeon (2/15)

Altars:
Kikubaaqudgha


Message History

The goblin barely misses you. The goblin closely misses you.
You climb upwards.
There is a stone staircase leading down here.
Enter note:
Enter note:
Enter note:
Enter note: You shoot a sling bullet.
The sling bullet closely misses the goblin.
The giant cockroach bites you but does no damage.
The quokka barely misses you. The goblin hits you but does no damage.
The goblin hits you with a +0 dagger. The giant cockroach closely misses you.
The quokka misses you.
You shoot a sling bullet.
The sling bullet closely misses the goblin.
The goblin barely misses you. The goblin hits you with a +0 dagger.
The giant cockroach bites you but does no damage.
The quokka twitches its whiskers.
The quokka bites you but does no damage.
The goblin hits you with a +0 dagger. The goblin barely misses you.
The giant cockroach bites you.
You shoot a sling bullet.
The sling bullet closely misses the goblin.
The quokka closely misses you. The giant cockroach barely misses you.
The goblin hits you with a +0 dagger. x2; The quokka misses you.
You shoot a sling bullet. The sling bullet hits the goblin.
The goblin is heavily wounded.
The giant cockroach bites you but does no damage.
The quokka barely misses you.
The goblin hits you but does no damage. x2
The giant cockroach closely misses you.
You shoot a sling bullet.
The sling bullet closely misses the goblin.
The quokka bites you.
The goblin hits you but does no damage. x2
The giant cockroach closely misses you. The quokka bites you.
The goblin barely misses you. The goblin hits you but does no damage.
You shoot a sling bullet.
The sling bullet barely misses the goblin.
The giant cockroach bites you but does no damage.
The quokka bites you.
You die...

########### #............####
........?.##### #............#...
.########.#...# #............#...
.# #.#.#.###............#...
.##### #.#.#.#.+................
.....####.#.#.#.#...............)
#....##.......#.#.........###....
.....##.#.#...#.B...#####.# #.#..
.....##.#.#....r@.### #.# #.#.#
.....##.#.#.....gg# #.###.#.#
.#'####.#.........### #.......#
.#.####.###.##......# ######.###
.#.##...........##..# #......#
.#.#....###.##.###.^####.######
.#.#....###.##........##.#
.#.#........##.....##....#
##.......#####.....#####.###


You could see a quokka, a giant cockroach and 2 goblins.

Vanquished Creatures
  2 ball pythons
  3 endoplasms (D:1)
  3 giant cockroaches (D:1)
  8 hobgoblins (D:1)
  7 jackals (D:1)
  2 quokkas (D:1)
  6 bats (D:1)
  A frilled lizard (D:1)
  3 goblins (D:1)
  4 kobolds (D:1)
  3 rats (D:1)
42 creatures vanquished.

Notes
Turn   | Place    | Note
-------+----------+-------------------------------------------
     0 | D:1      | qw the Gargoyle Hexslinger began the quest for the Orb.
     0 | D:1      | Reached XP level 1. HP: 12/12 MP: 2/2
     0 | D:1      | 0 ||| qw: Version: 0.3-a-52-g30416fa
     0 | D:1      | 0 ||| qw: Game counter: 7812
     0 | D:1      | 0 ||| qw: Melee chars always use a shield: true
     0 | D:1      | 0 ||| qw: God list: Okawaru
     0 | D:1      | 0 ||| qw: Allow faded altars: false
     0 | D:1      | 0 ||| qw: Do Orc after clearing Dungeon:15 true
     0 | D:1      | 0 ||| qw: Do second Lair branch before Depths: true
     0 | D:1      | 0 ||| qw: Lair rune preference: random
     0 | D:1      | 0 ||| qw: Goals: Normal
     0 | D:1      | 0 ||| PLANNING D:1-11
    64 | D:1      | Reached XP level 2. HP: 16/16 MP: 3/3
   126 | D:1      | Reached skill level 3 in Ranged Weapons
   129 | D:1      | HP: 4/16 [constriction (1)]
   135 | D:1      | HP: 4/16 [hobgoblin (1)]
   171 | D:1      | 171 ||| FLEEEEING.
   172 | D:1      | 172 ||| FLEEEEING.
   223 | D:1      | Reached XP level 3. HP: 14/21 MP: 4/4
   831 | D:1      | 831 ||| UPGRADING to +0 ring mail.
   841 | D:1      | 841 ||| DROPPING +0 robe.
   852 | D:1      | Found an ancient bone altar of Kikubaaqudgha.
   853 | D:1      | 853 ||| DROPPING amulet of magic regeneration.
   854 | D:1      | 854 ||| READING scroll labelled ZUDUUQ BYLOMMA.
   864 | D:1      | 864 ||| DRINKING 2 white potions.
   868 | D:1      | 868 ||| DROPPING scroll of poison.
   890 | D:2      | 890 ||| STAIRDANCE
   896 | D:1      | HP: 3/21 [quokka (4)]
   897 | D:1      | Slain by a quokka

Levels and vault maps discovered:
D:1:      dpeg_arrival_lava_altar, layout_basic, minmay_three_crescents
D:2:      layout_rooms, serial_shops, nicolae_shop_pleasant_corner_grove,
          minivault_4

Skill      XL: |  1  2  3 |
---------------+----------+-----
Ranged Weapons | 3 |  3.6
Fighting       | 2 |  2.0
Dodging        | |  1.5
Spellcasting   | |  1.0
Hexes          | |  2.6

Action                     || total
---------------------------++-------
   Fire: Sling             ||   162
    Use: Scroll            ||     1
         Potion            ||     1
 Armour: Robe              ||    41
         Ring mail         ||    31
  Dodge: Dodged            ||   103

Table legend:
 A = Non-vault XP
 B = Vault XP
 C = Vault XP percentage of total XP
 D = Non-vault monster count
 E = Vault monster count
 F = Vault count percentage of total count
                 A         B        C        D         E       F
            +---------+---------+-------+---------+---------+-------
      Total |      62 |      10 |  13.9 |      36 |       6 |  14.3
            +---------+---------+-------+---------+---------+-------
        D:1 |      60 |      10 |  14.3 |      35 |       6 |  14.6
        D:2 |       2 |       0 |   0.0 |       1 |       0 |   0.0
            +---------+---------+-------+---------+---------+-------
